 Dungeon Crawl Stone Soup version 0.27.1-34-g3ba077fa99 (webtiles) character file.

Game seed: 2023578899163791828

2 Delamore the Sneak (level 1, 0/14 HPs)
             Began as an Octopode Brigand on Feb 11, 2022.
             Slain by a jackal (3 damage)
             ... on level 1 of the Dungeon.
             The game lasted 00:00:11 (81 turns).

Delamore the Sneak (Octopode Brigand)                 Turns: 81, Time: 00:00:12

Health: 0/14       AC:  1    Str: 10    XL:     1   Next: 40%
Magic:  1/1        EV: 12    Int: 13    God:
Gold:   0          SH:  0    Dex: 13    Spells: 0/0 levels left

rFire    . . .     SeeInvis .   a - +2 dagger
rCold    . . .     Faith    .   (no shield)
rNeg     . . .     Spirit   .   (helmet restricted)
rPois    .         Reflect  .   (no amulet)
rElec    .         Harm     .   (no ring)
rCorr    .         Rampage  .   (no ring)
Will     .....                  (no ring)
Stlth    ++++......             (no ring)
HPRegen  0.04/turn              (no ring)
MPRegen  0.07/turn              (no ring)
                                (no ring)
                                (no ring)

@: no status effects
A: almost no armour, amphibious, 8 rings, camouflage 1, gelatinous body 1,
(nimble swimmer 1), tentacles
a: no special abilities


You were on level 1 of the Dungeon.
You visited 1 branch of the dungeon, and saw 1 of its levels.

Inventory:

Hand Weapons
 a - a +2 dagger (weapon)
Missiles
 b - 8 poisoned darts (quivered)
 c - 2 curare-tipped darts


   Skills:
 - Level 2.0 Fighting
 + Level 2.1 Short Blades
 - Level 2.0 Throwing
 - Level 1.0 Dodging
 * Level 5.4 Stealth


You couldn't memorise any spells.
You didn't know any spells.
Your spell library was empty.

Dungeon Overview and Level Annotations

Branches:
Dungeon (1/15)

Altars:


Innate Abilities, Weirdness & Mutations

You cannot wear most types of armour.
You are amphibious.
You can wear up to eight rings at the same time.
Your skin changes colour to match your surroundings (Stealth+).
Your rubbery body absorbs attacks. (AC +1, EV +1)
((You are camouflaged near water. (Stealth+)))
You have tentacles for arms and can constrict up to eight enemies at once.


Message History

The ball python bites you. The ball python constricts you.
You hit the ball python but do no damage.
Your grab misses the ball python. The ball python bites you.
The ball python constricts you.
You are too injured to fight recklessly!
You are too injured to fight recklessly!
You are too injured to fight recklessly!
You are too injured to fight recklessly!
You are too injured to fight recklessly!
You are too injured to fight recklessly!
A ball python is nearby!
A ball python is nearby!
You hit the ball python.
You kill the ball python!
A rat comes into view.
A rat is nearby!
A rat is nearby!
You are too injured to fight recklessly!
A jackal comes into view.
A rat and 2 jackals come into view.
The rat barely misses you.
You hit the rat. Your grab misses the rat. You squeeze the rat.
You kill the rat!
The jackal barks! x2
You barely miss the jackal. You grab the jackal. You constrict the jackal.
The jackal bites you.
You release your grip on the jackal.
The jackal bites you.
* * * LOW HITPOINT WARNING * * *
You hit the jackal. You grab the jackal. Your squeeze misses the jackal.
The jackal is severely wounded.
You constrict the jackal, but do no damage.
The jackal struggles to escape constriction.
You hit the jackal.
You kill the jackal!
The jackal bites you.
* * * LOW HITPOINT WARNING * * *
You hit the jackal.
You kill the jackal!
The jackal bites you.
You die...

#.#.#.#.#
#.#####.#.###.#
#.......#.....###
#######.#######..
................#
.......>.........
.................
.................
......##@†.......
.....# #h........
..... #r........
... ##........
#.........
#.........
#.........
...........
..##.........


You could see a jackal and a rat.

Vanquished Creatures
  2 jackals (D:1)
  A ball python (D:1)
  A rat (D:1)
4 creatures vanquished.

Notes
Turn   | Place    | Note
-------+----------+-------------------------------------------
     0 | D:1      | Delamore the Octopode Brigand began the quest for the Orb.
     0 | D:1      | Reached XP level 1. HP: 14/14 MP: 1/1
    81 | D:1      | Slain by a jackal

Illustrated notes

Levels and vault maps discovered:
D:1:      matt_arrival_spirals, layout_rooms, shapermc_ecumenical_altar_gd,
          minmay_misc_feat_chi, minmay_misc_feat_four_crosses

Action                   || total
-------------------------++-------
Melee: Dagger            ||     8
       Constrict         ||     2
       Tentacles         ||     1
Dodge: Dodged            ||     2
